AoeStats
← Hello World

Arena

509265290Analyzed
4v4 RM · 7d ago on Sep 26, 2026· 42m 37s· 8 players
Game mode
Random Map
Map size
Large (8 player)
Population
200
Speed
Normal
Resources
Standard
Victory
Conquest
Starting age
Dark Age
Ending age
Imperial Age
RankedLock teamsTeams togetherTeam positionsShared explorationLock speedFull tech treeHidden civsTurbo modeCheats
Victory
Defeat
🇨🇳 Varangians · China
1175
+13
1121
+15
🇮🇳 Dravidians · India
1099
+16
🇨🇱 Franks · Chile
1090
+15
🇹🇼 Japanese · Taiwan
1109
-15
🇺🇸 Portuguese · United States
1096
-15
🇦🇷 Saracens · Argentina
1094
-15
🇹🇷 Persians · Türkiye
1077
-14
squeezecheese21
11:34 Feudal Age
11:54 Town Watch
11:51 Horse Collar
11:58 Double-Bit Axe
12:57 Wheelbarrow
17:16 Gold Mining
18:21 Stone Mining
20:46 Castle Age
19:01 Forging
19:11 Scale Barding Armor
21:43 Bloodlines
21:34 Husbandry
22:12 Iron Casting
22:26 Bow Saw
22:18 Heavy Plow
23:16 Chain Barding Armor
23:53 Fletching
27:14 Hand Cart
29:02 Gold Shaft Mining
29:03 Stone Shaft Mining
29:49 Devotion
32:32 Imperial Age
30:33 Masonry
30:38 Padded Archer Armor
31:09 Ballistics
31:30 Bodkin Arrow
31:51 Leather Archer Armor
31:52 Elite Skirmisher
33:12 Conscription
34:03 Ring Archer Armor
37:41 Loom
38:22 Kamandaran
42:07 Chemistry
Hello World
11:31 Feudal Age
12:23 Double-Bit Axe
12:28 Horse Collar
15:15 Castle Age
14:09 Stone Mining
14:13 Gold Mining
17:03 Bow Saw
16:41 Loom
22:00 Heavy Plow
24:22 Wheelbarrow
28:03 Stone Shaft Mining
30:28 Imperial Age
27:45 Town Watch
30:17 Fletching
31:03 Forging
32:06 Town Patrol
33:56 Iron Casting
33:30 Scale Barding Armor
33:41 Bloodlines
33:32 Husbandry
32:55 Cavalier
35:22 Blast Furnace
34:49 Chain Barding Armor
37:12 Plate Barding Armor
39:01 Conscription
40:19 Bodkin Arrow
ERROR 404
3:32 Loom
10:19 Feudal Age
11:13 Double-Bit Axe
16:17 Castle Age
18:41 Bow Saw
25:57 Wheelbarrow
26:51 Hand Cart
26:31 Gold Mining
28:24 Gold Shaft Mining
31:21 Imperial Age
29:26 Horse Collar
30:16 Forging
30:11 Scale Barding Armor
31:11 Bloodlines
31:03 Husbandry
31:06 Stone Mining
32:14 Iron Casting
31:39 Scale Mail Armor
32:01 Chain Barding Armor
33:08 Two-Man Saw
32:11 Heavy Plow
33:13 Conscription
34:05 Blast Furnace
32:38 Elite Mameluke
32:45 Elite Mameluke
35:28 Plate Barding Armor
35:52 Heavy Camel Rider
Kuro
0:37 Loom
13:49 Feudal Age
15:17 Double-Bit Axe
15:01 Man-at-Arms
18:38 Castle Age
17:22 Horse Collar
18:47 Scale Mail Armor
19:40 Heavy Plow
23:36 Pikeman
25:23 Fletching
29:08 Chain Mail Armor
29:40 Bow Saw
31:59 Town Watch
35:35 Imperial Age
33:51 Forging
35:09 Iron Casting
36:00 Gold Mining
36:16 Halberdier
37:15 Long Swordsman
39:44 Two-Man Saw
39:34 Wheelbarrow
39:38 Wheelbarrow
39:34 Squires
40:55 Conscription
41:44 Fortified Wall
41:46 Two-Handed Swordsman
42:12 Gambesons
43:00 Plate Mail Armor
43:31 Blast Furnace
vibhuyasha
0:28 Loom
10:53 Feudal Age
15:15 Castle Age
13:22 Horse Collar
13:52 Double-Bit Axe
18:41 Fletching
22:06 Squires
21:52 Arson
26:13 Ballistics
27:44 Wheelbarrow
28:24 Bodkin Arrow
28:29 Padded Archer Armor
29:53 Heavy Plow
31:18 Leather Archer Armor
34:23 Imperial Age
34:29 Imperial Age
33:20 Thumb Ring
34:58 Hand Cart
36:11 Chemistry
35:45 Ring Archer Armor
37:16 Conscription
38:57 Bow Saw
38:16 Elite Elephant Archer
40:41 Fortified Wall
40:17 Arrowslits
打帝国需要戴老花镜
11:27 Feudal Age
13:23 Loom
16:13 Castle Age
14:07 Double-Bit Axe
15:24 Gold Mining
15:32 Horse Collar
16:18 Fletching
16:41 Crossbowman
17:37 Padded Archer Armor
22:11 Town Watch
23:12 Leather Archer Armor
24:06 Bodkin Arrow
26:25 Thumb Ring
29:24 Imperial Age
28:57 Stone Mining
29:30 Arbalester
29:37 Arbalester
31:50 Chemistry
31:24 Ring Archer Armor
33:04 Bracer
33:48 Forging
34:18 Elite Skirmisher
35:39 Wheelbarrow
35:07 Caravan
36:11 Conscription
37:11 Pikeman
37:52 Squires
37:38 Gambesons
37:39 Arson
39:15 Capped Ram
39:43 Halberdier
41:39 Coiled Serpent Array
42:53 Hand Cart
42:19 Siege Ram
43:20 Scale Barding Armor
一叶知秋
11:04 Feudal Age
11:48 Double-Bit Axe
12:07 Horse Collar
14:43 Castle Age
17:03 Wheelbarrow
16:42 Bow Saw
22:42 Hand Cart
29:01 Imperial Age
27:28 Town Watch
27:39 Gold Mining
28:59 Bloodlines
28:50 Husbandry
28:15 Vendel Legacy
29:13 Forging
29:18 Scale Barding Armor
28:47 Light Cavalry
29:08 Elite Jarl
30:10 Conscription
29:41 Cavalier
31:10 Town Patrol
31:34 Fletching
32:22 Iron Casting
31:53 Gothikon
33:38 Chain Barding Armor
33:27 Hussar
35:26 Heavy Plow
36:27 Two-Man Saw
38:19 Blast Furnace
37:54 Crop Rotation
41:56 Plate Barding Armor
41:16 Bodkin Arrow
41:22 Padded Archer Armor
41:47 Ballistics
43:04 Siege Engineers
42:41 Treadmill Crane
44:03 Chemistry
43:13 Masonry
42:57 Stone Mining
Emkrypted
0:50 Loom
11:04 Feudal Age
14:54 Castle Age
12:49 Double-Bit Axe
14:52 Wheelbarrow
14:47 Gold Mining
24:48 Bow Saw
26:53 Gold Shaft Mining
26:28 Man-at-Arms
27:06 Gambesons
27:21 Squires
27:07 Arson
31:40 Imperial Age
29:33 Hand Cart
29:48 Stone Mining
30:20 Scale Barding Armor
30:39 Forging
30:55 Padded Archer Armor
31:00 Scale Mail Armor
30:51 Fletching
30:29 Long Swordsman
30:30 Pikeman
31:54 Chain Barding Armor
31:56 Caravan
32:30 Chivalry
32:51 Conscription
32:05 Two-Handed Swordsman
33:53 Iron Casting
32:52 Cavalier
33:33 Husbandry
33:05 Champion
36:09 Chemistry
35:24 Town Watch
36:34 Paladin
38:10 Plate Barding Armor
38:22 Halberdier
41:09 Chain Mail Armor
Connection lost

Rejoining the realm…

Still unreachable

The connection could not be restored.

Session expired

The server has moved on; the page needs a fresh start.